 Dungeon Crawl Stone Soup version 0.32-a0-705-g60f233581c (webtiles) character file.

Game seed: 13319596529266731817

1192 BeKind the Ducker (level 8, 0/55 HPs)
             Began as an Octopode Fighter on Mar 14, 2024.
             Slain by a gnoll
             ... wielding a +0 spear
             ... led by a gnoll bouda
              (7 damage)
             ... on level 6 of the Dungeon.
             The game lasted 00:05:16 (4614 turns).

BeKind the Ducker (Octopode Fighter)                Turns: 4614, Time: 00:05:16

Health: 0/55       AC:  1    Str: 15    XL:     8   Next: 43%
Magic:  10/12      EV: 13    Int: 11    God:
Gold:   211        SH:  5    Dex: 13    Spells: 10/12 levels left

rFire   . . .        a - +0 trident
rCold   . . .        b - +0 buckler
rNeg    . . .        (helmet restricted)
rPois   .            (no amulet)
rElec   .            (no ring)
rCorr   .            (no ring)
SInv    .            (no ring)
Will    .....        (no ring)
Stlth   ++           (no ring)
HPRegen 0.29/turn    (no ring)
MPRegen 0.13/turn    (no ring)
                     (no ring)

%: no passive effects
@: lethally poisoned (0 -> -2)
A: almost no armour, amphibious, 8 rings, camouflage 1, gelatinous body 1,
(nimble swimmer 1), tentacles
a: no special abilities


You were on level 6 of the Dungeon.
You visited 1 branch of the dungeon, and saw 6 of its levels.

You collected 211 gold pieces.

Inventory:

Hand Weapons
 a - a +0 trident (weapon)
Armour
 b - a +0 buckler (worn)
 h - a +0 kite shield
Jewellery
 k - an amulet of the acrobat
Wands
 l - a wand of polymorph (4)
Scrolls
 d - 5 scrolls of identify {unknown}
 e - 2 scrolls of amnesia
 f - a scroll of enchant armour {unknown}
 i - 4 scrolls of teleportation {unknown}
 j - 2 scrolls of noise {unknown}
 m - a scroll of summoning {unknown}
 o - a scroll of poison {unknown}
 q - 2 scrolls of torment {unknown}
 r - a scroll of vulnerability {unknown}
 t - a scroll of immolation {unknown}
Potions
 c - 2 potions of might
 g - 6 potions of curing {unknown}
 n - a potion of attraction {unknown}
 p - a potion of ambrosia {unknown}
 s - 3 potions of heal wounds {unknown}
 u - 2 potions of haste {unknown}


   Skills:
 + Level 5.2 Fighting
 + Level 4.6 Polearms
 + Level 5.2 Dodging
 + Level 5.1 Shields
 + Level 2.7 Spellcasting
 + Level 3.0 Summonings


You had 10 spell levels left.
You knew the following spells:

 Your Spells              Type           Power      Damage    Failure   Level
a - Call Imp              Summ           16%        N/A       16%         2

Your spell library contained the following spells:

 Spells                   Type           Power      Damage    Failure   Level
 Summon Small Mammal      Summ           32%        N/A       10%         1
 Magic Dart               Conj           4%         1d3       34%         1
 Blink                    Tloc           2%         N/A       45%         2
 Scorch                   Fire           2%         2d5       45%         2
 Flame Wave               Conj/Fire      1%         2d4       98%         4
 Summon Cactus Giant      Summ           4%         N/A       100%        6


Dungeon Overview and Level Annotations

Branches:
Dungeon (6/15)
 Temple: D:4-7

Altars:
Ashenzari
Kikubaaqudgha
Sif Muna
Vehumet

Shops:
D:2 !

Annotations:
D:5 2 transporters, Grinder, Sigmund


Innate Abilities, Weirdness & Mutations

You cannot wear most types of armour.
You are amphibious.
You can wear up to eight rings at the same time.
Your skin changes colour to match your surroundings (Stealth+).
Your rubbery body absorbs attacks. (AC +1, EV +1)
((You are camouflaged when in or above water. (Stealth+)))
You have tentacles for arms and can constrict up to eight enemies at once.


Message History

The water moccasin is heavily wounded.
You constrict the water moccasin.
You feel sick. The water moccasin barely misses you.
The gnoll closely misses you.
Your cerulean imp barely misses the gnoll.
The gnoll barely misses your cerulean imp.
The gnoll hits you from afar with a +0 spear.
The gnoll hits you with a +0 club. The water moccasin misses you.
The gnoll hits your cerulean imp with a +0 flail.
Your cerulean imp closely misses the gnoll.
The gnoll closely misses you. You block the gnoll's attack.
You hit the water moccasin but do no damage.
You squeeze the water moccasin!
You kill the water moccasin!
You feel sick. The gnoll closely misses you.
The gnoll hits you from afar with a +0 spear.
* * * LOW HITPOINT WARNING * * *
Your cerulean imp barely misses the gnoll.
The gnoll hits your cerulean imp but does no damage.
The gnoll closely misses you.
Your Summonings skill increases to level 3!
Reach: a) +0 trident
Press: ? - help, Dir - move target, f - gnoll, p - gnoll
Aim: a gnoll, wielding a +0 spear (covering ground quickly, about 36% to evade your +0 trident)
You reach to attack!
You hit the gnoll.
The gnoll is moderately wounded.
You feel sick. You block the gnoll's attack. x2
Your cerulean imp barely misses the gnoll.
The gnoll hits your cerulean imp with a +0 flail!
Your cerulean imp dies!
Your cerulean imp disappears in a puff of smoke!
The gnoll hits you from afar with a +0 spear.
* * * LOW HITPOINT WARNING * * *
Okay, then.
As you read the scroll labelled XIDGHO IXOATHRAUTT, it crumbles to dust.
It is a scroll of amnesia.
Okay, then.
You feel sick. The gnoll hits you with a +0 club.
* * * LOW HITPOINT WARNING * * *
The gnoll hits you from afar with a +0 spear!
You die...

#.........
#.........
#.........
#.........
###....$.[..
...gg......
#..g......
#.@§g.....
#.).......
...........
#............
#............
####.........
#.........
##..####.#


You could see 4 gnolls.

Vanquished Creatures
  A water moccasin (D:6)
  An ice beast (D:5)
  2 black bears
  An ogre (D:4)
  2 scorpions (D:4)
  3 hounds
  A jelly (D:4)
  2 gnoll boudas
  3 iguanas
  7 orc wizards (D:4)
  5 adders
  4 gnolls
  A white imp (D:5)
  2 ribbon worms (D:2)
  2 dart slugs
  12 orcs (D:4)
  10 ball pythons
  7 endoplasms
  4 giant cockroaches
  7 goblins
  11 hobgoblins
  4 jackals (D:1)
  4 quokkas
  4 bats
  3 frilled lizards
  3 kobolds
  3 rats
109 creatures vanquished.

Notes
Turn   | Place    | Note
-------+----------+-------------------------------------------
     0 | D:1      | BeKind the Octopode Fighter began the quest for the Orb.
     0 | D:1      | Reached XP level 1. HP: 16/16 MP: 1/1
   315 | D:1      | Reached XP level 2. HP: 21/21 MP: 2/2
   705 | D:1      | Reached XP level 3. HP: 26/26 MP: 3/3
   984 | D:2      | Found a broken altar of Ashenzari.
  1121 | D:2      | Found Decvoaf's Distillery.
  1128 | D:2      | Reached XP level 4. HP: 25/31 MP: 4/4
  1838 | D:3      | You fall into a shaft and drop 2 floors!
  1838 | D:5      | Entered Level 5 of the Dungeon
  1842 | D:5      | Found a transporter.
  1849 | D:5      | Noticed Grinder
  1851 | D:5      | Paralysed by Grinder for 5 turns
  1857 | D:5      | Noticed a scorpion
  1858 | D:5      | Paralysed by Grinder for 4 turns
  1863 | D:5      | Found a transporter.
  1870 | D:4      | HP: 1/33 [hound (3)]
  1873 | D:4      | Reached XP level 5. HP: 2/37 MP: 5/5
  2181 | D:3      | Learned a level 2 spell: Call Imp
  2654 | D:4      | Reached XP level 6. HP: 42/43 MP: 6/6
  2767 | D:4      | Reached skill level 1 in Summonings
  2937 | D:4      | Noticed a black bear
  2941 | D:4      | Killed a black bear
  2942 | D:4      | Reached skill level 1 in Spellcasting
  2949 | D:4      | Reached XP level 7. HP: 45/49 MP: 5/9
  3004 | D:4      | Found a broken altar of Ashenzari.
  3184 | D:4      | Found a radiant altar of Vehumet.
  3212 | D:4      | Found an ancient bone altar of Kikubaaqudgha.
  3308 | D:4      | Found a shimmering blue altar of Sif Muna.
  3370 | D:4      | Got Sif Muna's Parchment of Mustering
  3596 | D:5      | Noticed Sigmund
  4437 | D:5      | Reached XP level 8. HP: 54/54 MP: 11/11
  4480 | D:5      | Reached skill level 5 in Dodging
  4522 | D:5      | Reached skill level 5 in Fighting
  4572 | D:5      | Reached skill level 5 in Shields
  4614 | D:6      | Slain by a gnoll

Illustrated notes

Levels and vault maps discovered:
D:1:      lightli_arrival_isolated_outpost, layout_loops_corners,
          grunt_decor_mini_mirrors
D:2:      minmay_evil_eye, layout_loops_ring, basic_altar, serial_shops,
          nicolae_shop_getting_attention
D:3:      layout_basic, kennysheep_generic_room_9
D:4:      layout_basic, palyth_temple_overflow_mages,
          lemuel_coloured_pillars_altar
D:5:      minmay_octagon_keep, layout_cave_pools,
          gammafunk_ghost_abyssal_escape, uniq_sigmund, uniq_grinder
D:6:      layout_basic, chequers_temple_overflow_statue_of_worship,
          nicolae_yredelemnul_ghost_church, serial_shops, shop,
          kennysheep_big_empty_room, minmay_misc_feat_diagonals

Skill      XL: |  1  2  3  4  5  6  7  8 |
---------------+-------------------------+-----
Polearms       | 3 4 |  4.6
Dodging        | 4 5 |  5.2
Fighting       | 4 5 |  5.2
Shields        | 4 5 |  5.1
Summonings     | 1 2 3 |  3.0
Spellcasting   | 1 2 |  2.7

Action                     |  1- 3 |  4- 6 |  7- 9 || total
---------------------------+-------+-------+-------++-------
  Melee: Trident           |    63 |    99 |    79 ||   241
         Constrict         |    11 |    22 |    17 ||    50
         Tentacles         |     9 |    20 |    14 ||    43
   Cast: Call Imp          |       |     1 |     9 ||    10
    Use: Scroll            |       |       |     1 ||     1
   Stab: Sleeping          |    14 |     8 |     1 ||    23
         Distracted        |       |       |     1 ||     1
 Armour: Skin              |    10 |    32 |    47 ||    89
  Dodge: Dodged            |    20 |    42 |    56 ||   118
  Block: Buckler           |     6 |    13 |    18 ||    37

Table legend: (Time is in decaauts)
 A = Elapsed time spent in this place.
 B = Non-inter-level travel time spent in this place.
 C = Inter-level travel time spent in this place.
 D = Time resting spent in this place.
 E = Time spent auto-exploring this place.
 F = Levels seen in this place.
 G = Mean time per level.
                   A        B        C        D        E       F      G
               +--------+--------+--------+--------+--------+-----+--------+
         Total |   4657 |   4354 |    303 |    549 |   3143 |   6 |  776.2 |
       Dungeon |   4657 |   4354 |    303 |    549 |   3143 |   6 |  776.2 |
               +--------+--------+--------+--------+--------+-----+--------+

Top non-repeatable levels by time:
     D:4: 1996 daAuts
     D:1: 961 daAuts
     D:2: 825 daAuts
     D:3: 523 daAuts
     D:5: 338 daAuts
     D:6: 13 daAuts
